 Dungeon Crawl Stone Soup version 0.29-a0-1019-g84f7d21838 (console) character file.

Game seed: 8696345048105465755

5076 jejorda2 the Basher (level 10, 0/121 HPs)
             Began as a Palentonga Berserker on Aug 10, 2022.
             Was an Elder of Trog.
             Slain by an orange demon (3 damage)
             ... led by Amaemon
             ... on level 9 of the Dungeon.
             The game lasted 00:21:25 (7922 turns).

jejorda2 the Basher (Palentonga Berserker)          Turns: 7922, Time: 00:21:26

Health: 0/121      AC: 19    Str: 26    XL:     10   Next: 31%
Magic:  10/10      EV:  7    Int:  7    God:    Trog [****..]
Gold:   120        SH:  7    Dex: 11    Spells: 9/9 levels left

rFire   + . .      SeeInvis +   a - +0 flail (vorpal)
rCold   . . .      Faith    +   B - +0 kite shield {rPois}
rNeg    . . .      Spirit   .   x - +2 ring mail "Wifoaqiw" {Rampage rF+ Regen+}
rPois   +          Reflect  .   (no helmet)
rElec   .          Harm     .   (no cloak)
rCorr   .          Rampage  +   l - +2 pair of gloves
Will    .....                   (no barding)
Stlth   ..........              A - amulet of faith
HPRegen 1.10/turn               r - ring of flight
MPRegen 0.12/turn               (no ring)

@: berserking (expiring), lethally poisoned (0 -> -6), weakened, flying, slowed,
studying Throwing, curled up
A: large, rugged brown scales 3, see invisible, deformed body, roll 1, armoured
tail, reflexive curl
a: Rolling Charge, Renounce Religion, Berserk, Trog's Hand, Brothers in Arms


You were on level 9 of the Dungeon.
You worshipped Trog.
Trog was greatly pleased with you.
You visited 1 branch of the dungeon, and saw 9 of its levels.
You also visited: Ossuary.

You collected 560 gold pieces.
You spent 440 gold pieces at shops.

Inventory:

Hand Weapons
 a - a +0 vorpal flail (weapon)
 i - a +0 flail
 y - a +1 flail of protection
Missiles
 v - 4 silver javelins
 w - a curare-tipped dart
Armour
 l - a +2 pair of gloves (worn)
 m - a +2 chain mail of cold resistance
 x - the +2 ring mail "Wifoaqiw" (worn) {Rampage rF+ Regen+}
   (You found it on level 7 of the Dungeon)

   rF:        It protects you from fire.
   Regen:     It increases your rate of health regeneration.
   Rampage:   It bestows one free step when moving towards enemies.
 B - a +0 kite shield of poison resistance (worn)
Jewellery
 r - a ring of flight (left hand)
 A - an amulet of faith (around neck)
Wands
 d - a wand of polymorph (4)
 e - a wand of light (4)
 s - a wand of digging (7)
Scrolls
 j - a scroll of magic mapping
 p - a scroll of blinking
 t - 2 scrolls of enchant armour
 D - a scroll of teleportation
Potions
 b - 3 potions of heal wounds
 c - 2 potions of cancellation {unknown}
 f - a potion of degeneration {unknown}
 g - a potion of lignification {unknown}
 h - 2 potions of might
 k - 4 potions of curing
 n - 4 potions of ambrosia
 o - 2 potions of flight {unknown}
 q - a potion of resistance
 u - 4 potions of mutation
 z - 4 potions of attraction {unknown}
 C - a potion of invisibility {unknown}


   Skills:
 - Level 6.0 Fighting
 * Level 12.6 Maces & Flails
 - Level 6.0 Armour
 - Level 1.5 Dodging
 + Level 2.3 Shields


You had 9 spell levels left.
You didn't know any spells.
Your spell library was empty.

Dungeon Overview and Level Annotations

Branches:
Dungeon (9/15)             Temple (0/1) D:7            Lair (0/5) D:8
Ossuary (visited)
    Orc: D:9-12

Altars:
Ashenzari
Dithmenos
Elyvilon
Hepliaklqana
Kikubaaqudgha
Nemelex Xobeh
Okawaru
Ru

Shops:
D:6 =

Annotations:
D:8 3 runed translucent doors, quixfox's ghost, novice GrEE


Innate Abilities, Weirdness & Mutations

You are completely covered in rugged brown scales. (AC +3, +7% HP)
You have supernaturally acute eyesight. (SInv)
Armour fits poorly on your strangely shaped body.
You can roll at nearby foes to attack.
You have a long armoured tail.
You curl defensively after being hit. (AC +7*)


Message History

Amaemon is almost dead.
You feel sick.
The orange demon stings you but does no damage.
You block the orange demon's attack.
Amaemon hits you with a -1 demon whip of venom!
* * * LOW HITPOINT WARNING * * *
You are more poisoned.
Amaemon claws you but does no damage. You block Amaemon's attack.
You sock Amaemon! You tail-slap Amaemon.
You kill Amaemon!
Trog accepts your kill.
Trog appreciates your killing of a magic user.
You feel very sick. You block the orange demon's attack. x2
Your Shields skill increases to level 2!
You sock the orange demon!
The orange demon is heavily wounded.
You feel very sick.
You closely miss the orange demon.
The orange demon is heavily wounded.
You feel very sick. The orange demon stings you!
* * * LOW HITPOINT WARNING * * *
You have difficulty breathing.
* * * LOW HITPOINT WARNING * * *
You feel yourself slow down.
The orange demon hits you but does no damage.
You barely miss the orange demon. You tail-slap the orange demon!
The orange demon is severely wounded.
* * * LOW HITPOINT WARNING * * *
You feel very sick. The orange demon stings you.
* * * LOW HITPOINT WARNING * * *
The orange demon hits you but does no damage.
You sock the orange demon!
The orange demon is almost dead.
* * * LOW HITPOINT WARNING * * *
You feel very sick. The orange demon stings you.
You die...

.....>...............
.........<...#.....##.
...............#......
###..†......##.......
#................. ##.
...#............##......
## #....................
#...####..##.##......
....## ##.##..@.......
...## #..##..)4......
..# #####.....!....
#..<....... #......####
#......# #....### #....#


You could see an orange demon (curare).

Vanquished Creatures
  Amaemon (D:9)
  Pikel (D:6)
  A gargoyle (D:7)
  A hornet (D:8)
  Grinder (D:6)
  Sigmund (D:2)
  A wraith (D:8)
  A wyvern (D:9)
  A water moccasin (D:3)
  Edmund (D:6)
  3 ice beasts
  A black bear (D:7)
  2 orc warriors
  2 ogres
  A centaur (D:7)
  4 lemures (D:6)
  2 bullfrogs (D:8)
  2 elf zombies (Ossuary)
  2 kobold brigands
  A necrophage (D:5)
  3 scorpions (D:6)
  5 wights (D:8)
  2 howler monkeys (D:7)
  2 centaur zombies (Ossuary)
  7 orc priests
  2 human zombies (Ossuary)
  A jelly (D:3)
  3 hounds
  5 iguanas
  3 orc wizards
  2 mummies (Ossuary)
  9 adders
  4 gnolls (D:2)
  A shadow imp (D:7)
  2 white imps
  An ufetubus (D:6)
  2 adder zombies (Ossuary)
  3 worms
  4 dart slugs
  21 orcs
  5 ball pythons
  3 endoplasms
  2 giant cockroaches (D:2)
  9 goblins
  6 hobgoblins
  3 jackals (D:2)
  12 kobolds
  5 quokkas
  4 bats
  3 frilled lizards
  9 hobgoblin zombies (Ossuary)
  A jackal zombie (Ossuary)
  9 kobold zombies (Ossuary)
  6 orc zombies (Ossuary)
  8 rats
  3 rat zombies (Ossuary)
200 creatures vanquished.

Vanquished Creatures (others)
  45 fungi (D:3)
45 creatures vanquished.

Grand Total: 245 creatures vanquished

Notes
Turn   | Place    | Note
-------+----------+-------------------------------------------
     0 | D:1      | jejorda2 the Palentonga Berserker began the quest for the
                  | Orb.
     0 | D:1      | Reached XP level 1. HP: 19/19 MP: 1/1
   216 | D:1      | You fall into a shaft and drop 1 floor!
   321 | D:1      | Reached XP level 2. HP: 25/25 MP: 2/2
   895 | D:2      | Reached ** piety under Trog
   934 | D:2      | Reached XP level 3. HP: 31/31 MP: 3/3
   991 | D:2      | Found a faded altar of an unknown god.
  1090 | D:2      | Reached skill level 4 in Maces & Flails
  1107 | D:2      | Noticed Sigmund
  1114 | D:2      | Killed Sigmund
  1115 | D:2      | Reached skill level 5 in Maces & Flails
  1115 | D:2      | Reached XP level 4. HP: 35/39 MP: 4/4
  1115 | D:2      | Reached XP level 5. HP: 40/44 MP: 5/5
  1639 | D:3      | Found an ancient bone altar of Kikubaaqudgha.
  1724 | D:3      | Reached XP level 6. HP: 51/51 MP: 6/6
  1848 | D:3      | Found a sparkling altar of Nemelex Xobeh.
  1848 | D:3      | Noticed a water moccasin
  1861 | D:3      | Killed a water moccasin
  1930 | D:3      | Found a broken altar of Ashenzari.
  2529 | D:3      | Found an iron altar of Okawaru.
  2844 | D:4      | Reached skill level 6 in Maces & Flails
  2844 | D:4      | Gained mutation: You curl defensively after being hit. (AC
                  | +7*) [Palentonga growth]
  2844 | D:4      | Reached XP level 7. HP: 58/58 MP: 7/7
  3560 | D:4      | Reached *** piety under Trog
  3709 | D:5      | Entered Level 5 of the Dungeon
  3985 | D:5      | Reached skill level 5 in Fighting
  4497 | D:5      | Reached skill level 7 in Maces & Flails
  4558 | D:6      | Found Ryjirch's Jewellery Boutique.
  4566 | D:6      | Found a sand-covered staircase.
  4574 | Ossuary  | Entered an ossuary
  4646 | Ossuary  | Reached XP level 8. HP: 67/67 MP: 8/8
  4745 | Ossuary  | Reached **** piety under Trog
  4903 | D:6      | Reached skill level 8 in Maces & Flails
  5000 | D:6      | Noticed Edmund
  5008 | D:6      | Killed Edmund
  5088 | D:6      | Noticed Grinder
  5118 | D:6      | Killed Grinder
  5119 | D:6      | Reached skill level 9 in Maces & Flails
  5119 | D:6      | Reached skill level 5 in Armour
  5665 | D:6      | Reached XP level 9. HP: 72/73 MP: 9/9
  5767 | D:6      | Noticed Pikel
  5779 | D:6      | Killed Pikel
  6106 | D:7      | Reached skill level 10 in Maces & Flails
  6163 | D:7      | Identified the +2 ring mail "Wifoaqiw" {Rampage rF+ Regen+}
  6371 | D:7      | Found a shadowy altar of Dithmenos.
  6554 | D:7      | Found a hazy altar of Hepliaklqana.
  6555 | D:7      | Noticed a gargoyle
  6556 | D:7      | Found a faded altar of an unknown god.
  6562 | D:7      | Killed a gargoyle
  6563 | D:7      | Reached skill level 11 in Maces & Flails
  6748 | D:7      | Found a staircase to the Ecumenical Temple.
  6845 | D:6      | Bought an amulet of faith for 440 gold pieces
  7073 | D:8      | Reached XP level 10. HP: 70/81 MP: 10/10
  7091 | D:8      | Found a staircase to the Lair.
  7132 | D:8      | Found a runed translucent gate.
  7132 | D:8      | Found a runed translucent gate.
  7132 | D:8      | Found a runed translucent gate.
  7140 | D:8      | Noticed quixfox's ghost (novice GrEE)
  7156 | D:8      | Reached skill level 12 in Maces & Flails
  7217 | D:8      | Found a white marble altar of Elyvilon.
  7218 | D:8      | Found a sacrificial altar of Ru.
  7378 | D:8      | Reached skill level 1 in Shields
  7898 | D:9      | Noticed an orange demon
  7899 | D:9      | Noticed Amaemon
  7918 | D:9      | Killed Amaemon
  7921 | D:9      | HP: 6/121 [orange demon[Amaemon] (2)]
  7922 | D:9      | Slain by an orange demon

Illustrated notes

Levels and vault maps discovered:
D:1:      dpeg_arrival_pits, layout_basic, grunt_decor_junction, nrook_uturn
D:2:      layout_loops_ring, chequers_ecumenical_altar_island,
          minmay_strange_pillars, uniq_sigmund
D:3:      layout_loops_ring, amcnicky_altar_gilded,
          mainiacjoe_overflow_alcove_2, mainiacjoe_overflow_catch_the_wave
D:4:      layout_layer_cave
D:5:      layout_gridville
D:6:      layout_loops_ring, lightli_ossuary_entry_decrepit_ruins, serial_shops,
          shop, uniq_edmund, uniq_grinder, uniq_pikel
D:7:      layout_rooms, beargit_hepliaklqana_dungeon_heroes,
          grunt_dithmenos_shadows, temple_hall
D:8:      layout_basic, mainiacjoe_overflow_divided_tiny, lair_entry_dummy,
          gammafunk_ghost_nasty_kobolds, amethyst_killhole, minivault_11
D:9:      layout_rooms, mainiacjoe_overflow_six_doors_small,
          minmay_protected_statue, uniq_amaemon

Skill      XL: |  1  2  3  4  5  6  7  8  9 10 |
---------------+-------------------------------+-----
Armour         | 2 3 4 5 6 |  6.0
Maces & Flails | 5 6 7 9 11 12 | 12.6
Fighting       | 4 5 6 |  6.0
Shields        | 2 |  2.3
Dodging        | |  1.5

Action                   |  1- 3 |  4- 6 |  7- 9 | 10-12 || total
-------------------------+-------+-------+-------+-------++-------
Melee: Mace              |    98 |   104 |     8 |       ||   210
       Tailslap          |    12 |    13 |    38 |     7 ||    70
       Punch             |     1 |     2 |     3 |       ||     6
       Flail             |       |       |   383 |    67 ||   450
Invok: Berserk           |     1 |     3 |    10 |     2 ||    16
       Trog's Hand       |     1 |       |     4 |       ||     5
 Abil: Rolling Charge    |    28 |    25 |    44 |     5 ||   102
Evoke: Wand              |       |       |     1 |       ||     1
  Use: Potion            |     2 |       |     1 |       ||     3
       Scroll            |       |       |    16 |       ||    16
Armor: Plate armour      |    53 |    47 |     2 |       ||   102
       Leather armour    |     2 |       |       |       ||     2
       Animal skin       |     2 |       |       |       ||     2
       Chain mail        |       |       |   229 |       ||   229
       Ring mail         |       |       |    38 |    49 ||    87
Dodge: Dodged            |    23 |    22 |   136 |    27 ||   208
Block: Kite shield       |       |       |       |    29 ||    29

Table legend: (Time is in decaauts)
 A = Elapsed time spent in this place.
 B = Non-inter-level travel time spent in this place.
 C = Inter-level travel time spent in this place.
 D = Time resting spent in this place.
 E = Time spent auto-exploring this place.
 F = Levels seen in this place.
 G = Mean time per level.
                   A        B        C        D        E       F      G
               +--------+--------+--------+--------+--------+-----+--------+
         Total |   8081 |   7688 |    393 |    678 |   5600 |  10 |  808.1 |
       Dungeon |   7750 |   7357 |    393 |    678 |   5447 |   9 |  861.1 |
       Ossuary |    331 |    331 |      0 |      0 |    153 |   1 |  331.0 |
               +--------+--------+--------+--------+--------+-----+--------+

Top non-repeatable levels by time:
     D:4: 1304 daAuts
     D:6: 1098 daAuts
     D:3: 1068 daAuts
     D:8: 1008 daAuts
     D:5: 942 daAuts
     D:1: 809 daAuts
     D:2: 776 daAuts
     D:7: 699 daAuts
 Ossuary: 331 daAuts
     D:9: 40 daAuts
